 Dungeon Crawl Stone Soup version 0.30-a0-310-g7d6cbdfea6 (webtiles) character file.

Game seed: 4272485588829235756

319 NinjaNoafa the Chopper (level 6, 0/51 HPs)
             Began as a Minotaur Fighter on Oct 24, 2022.
             Slain by a lemure (2 damage)
             ... led by Pikel
             ... on level 4 of the Dungeon.
             The game lasted 00:03:24 (2907 turns).

NinjaNoafa the Chopper (Minotaur Fighter)           Turns: 2907, Time: 00:03:25

Health: 0/51       AC: 10    Str: 23    XL:     6   Next: 21%
Magic:  5/5        EV:  4    Int:  5    God:
Gold:   142        SH: 12    Dex:  9    Spells: 5/5 levels left

rFire   + . .      SeeInvis .    r - +1 hand axe (freeze)
rCold   + . .      Faith    .    n - +0 tower shield
rNeg    . . .      Spirit   .    v - +0 chain mail
rPois   +          Reflect  .    (helmet restricted)
rElec   +          Harm     .    g - +0 cloak
rCorr   +          Rampage  .    (no gloves)
Will    .....                    (no boots)
Stlth   ..........               (no amulet)
HPRegen 0.28/turn                (no ring)
MPRegen 0.09/turn                (no ring)

@: mighty, resistant
A: horns 2, retaliatory headbutt
a: no special abilities


You were on level 4 of the Dungeon.
You visited 1 branch of the dungeon, and saw 4 of its levels.

You collected 142 gold pieces.

Inventory:

Hand Weapons
 a - a +0 war axe
 r - a +1 hand axe of freezing (weapon)
Missiles
 f - 42 stones (quivered)
Armour
 g - a +0 cloak (worn)
 n - a +0 tower shield (worn)
 v - a +0 chain mail (worn)
Jewellery
 c - a ring of ice
Wands
 q - a wand of flame (5)
Scrolls
 e - a scroll of fear {unknown}
 h - a scroll of brand weapon {unknown}
 j - a scroll of identify {unknown}
 k - 3 scrolls of teleportation {unknown}
 m - a scroll of vulnerability {unknown}
 o - a scroll of blinking {unknown}
 p - a scroll of poison {unknown}
 u - a scroll of enchant armour {unknown}
Potions
 i - a potion of invisibility
 l - 2 potions of curing
 t - a potion of mutation {unknown}


   Skills:
 - Level 3.6 Fighting
 - Level 7.0 Axes
 - Level 3.6 Armour
 * Level 5.3 Shields


You had 5 spell levels left.
You didn't know any spells.
Your spell library contained the following spells:

 Spells                   Type           Power      Damage    Failure   Level
 Ensorcelled Hibernation  Hex/Ice        0%         N/A       100%        2
 Ozocubu's Armour         Ice            0%         N/A       100%        3
 Spider Form              Tmut/Pois      0%         N/A       100%        3
 Anguish                  Hex/Necr       0%         N/A       100%        4
 Ozocubu's Refrigeration  Ice            0%         4d7       100%        7


Dungeon Overview and Level Annotations

Branches:
Dungeon (4/15)
 Temple: D:4-7

Altars:
Qazlal

Shops:
D:3 =

Annotations:
D:4 Pikel


Innate Abilities, Weirdness & Mutations

You have a pair of horns on your head.
You reflexively headbutt those who attack you in melee.


Message History

You block the lemure's attack.
You hit something. You freeze something. Your headbutt misses something.
You miss the lemure.
You closely miss the lemure. x2; Something hits you!
Something freezes you. The lemure barely misses you.
The lemure hits you but does no damage. You block the lemure's attack.
Something hits you. Something freezes you. You block the lemure's attack.
The lemure hits you but does no damage. The lemure hits you.
You barely miss something. You closely miss the lemure. You hit the lemure.
You freeze the lemure. You hit the lemure. You freeze the lemure.
The lemure hits you. You block the lemure's attack. Something hits you.
Something freezes you.
* * * LOW HITPOINT WARNING * * *
You block the lemure's attack.
You barely miss something. Your headbutt misses something.
You closely miss the lemure. You hit the lemure. You freeze the lemure.
You closely miss the lemure. The lemure barely misses you. The lemure hits you.
* * * LOW HITPOINT WARNING * * *
Something hits you.
* * * LOW HITPOINT WARNING * * *
Something freezes you.
* * * LOW HITPOINT WARNING * * *
You block the lemure's attack.
You feel protected. Something hits you but does no damage. The lemure hits you.
* * * LOW HITPOINT WARNING * * *
The lemure hits you but does no damage. The lemure hits you.
* * * LOW HITPOINT WARNING * * *
You feel better. Something hits you.
* * * LOW HITPOINT WARNING * * *
The lemure hits you but does no damage. You block the lemure's attack. x2
You feel very mighty all of a sudden. Something hits you.
* * * LOW HITPOINT WARNING * * *
You block the lemure's attack. The lemure hits you.
* * * LOW HITPOINT WARNING * * *
The lemure hits you but does no damage.
You feel better. Something hits you but does no damage. The lemure hits you!
* * * LOW HITPOINT WARNING * * *
The lemure hits you.
You die...

### ... #
###################.#
................@55.#.#
.............(.55{......
####.....####......)....
#.....# #.#######...
####.....## #.# ..
...'......# #.# .
####......# #.# ..
#......# #.# #.
#......###.#


You could see 4 lemures.

Vanquished Creatures
  An orc priest (D:3)
  Natasha (thrice) (D:2)
  Terence (D:3)
  Robin (D:3)
  4 gnolls (D:3)
  5 adders
  2 worms (D:2)
  4 dart slugs
  3 orcs (D:3)
  6 endoplasms
  2 giant cockroaches
  14 goblins
  7 hobgoblins
  6 jackals
  5 kobolds
  3 quokkas
  7 ball pythons
  4 bats
  2 frilled lizards (D:1)
  3 rats
83 creatures vanquished.

Notes
Turn   | Place    | Note
-------+----------+-------------------------------------------
     0 | D:1      | NinjaNoafa the Minotaur Fighter began the quest for the
                  | Orb.
     0 | D:1      | Reached XP level 1. HP: 19/19 MP: 0/0
    91 | D:1      | Reached skill level 3 in Axes
   133 | D:1      | Reached XP level 2. HP: 26/26 MP: 1/1
   426 | D:1      | Reached skill level 4 in Axes
   453 | D:1      | Reached XP level 3. HP: 31/31 MP: 2/2
  1023 | D:2      | Reached skill level 5 in Axes
  1068 | D:2      | Reached XP level 4. HP: 37/39 MP: 3/3
  1520 | D:2      | Noticed Natasha
  1528 | D:2      | Killed Natasha
  1613 | D:2      | Noticed Natasha
  1627 | D:2      | Killed Natasha
  1628 | D:2      | Reached skill level 6 in Axes
  1962 | D:2      | Noticed Natasha
  1971 | D:2      | Killed Natasha
  1972 | D:2      | Reached XP level 5. HP: 24/45 MP: 4/4
  2090 | D:3      | Reached skill level 7 in Axes
  2108 | D:3      | Noticed Terence
  2113 | D:3      | Killed Terence
  2247 | D:3      | Noticed Robin
  2260 | D:3      | Killed Robin
  2348 | D:3      | Found Huuruac's Jewellery Boutique.
  2354 | D:3      | Reached XP level 6. HP: 51/51 MP: 5/5
  2358 | D:3      | Reached skill level 5 in Shields
  2770 | D:4      | Found a stormy altar of Qazlal.
  2893 | D:4      | Noticed Pikel
  2907 | D:4      | HP: 2/51 [lemure[Pikel] (8)]
  2907 | D:4      | Slain by a lemure

Illustrated notes

Levels and vault maps discovered:
D:1:      heliophobic_arrival_henge, layout_basic
D:2:      layout_basic, chequers_serial_rivers_micro_a, uniq_natasha
D:3:      layout_rooms, serial_shops, shop, uniq_robin, uniq_terence
D:4:      layout_basic, okawaru_ov_weapons_minmay,
          grunt_temple_overflow_forces_of_nature, minmay_misc_feat_five,
          minmay_statues_item, uniq_pikel, uniq_grinder

Skill      XL: |  1  2  3  4  5  6 |
---------------+-------------------+-----
Axes           | 3 4 5 6 7 |  7.0
Shields        | 4 5 |  5.3
Fighting       | |  3.6
Armour         | |  3.6

Action                   |  1- 3 |  4- 6 || total
-------------------------+-------+-------++-------
Melee: War axe           |    76 |    49 ||   125
       Headbutt          |     5 |    12 ||    17
       Hand axe          |       |    66 ||    66
  Use: Potion            |       |     4 ||     4
Armor: Scale mail        |    41 |    42 ||    83
       Chain mail        |       |    11 ||    11
Dodge: Dodged            |    27 |    39 ||    66
Block: Buckler           |    16 |       ||    16
       Tower shield      |       |    87 ||    87

Table legend: (Time is in decaauts)
 A = Elapsed time spent in this place.
 B = Non-inter-level travel time spent in this place.
 C = Inter-level travel time spent in this place.
 D = Time resting spent in this place.
 E = Time spent auto-exploring this place.
 F = Levels seen in this place.
 G = Mean time per level.
                   A        B        C        D        E       F      G
               +--------+--------+--------+--------+--------+-----+--------+
         Total |   2982 |   2816 |    166 |      0 |   2202 |   4 |  745.5 |
       Dungeon |   2982 |   2816 |    166 |      0 |   2202 |   4 |  745.5 |
               +--------+--------+--------+--------+--------+-----+--------+

Top non-repeatable levels by time:
     D:2: 1224 daAuts
     D:1: 875 daAuts
     D:3: 694 daAuts
     D:4: 187 daAuts
